 Dungeon Crawl Stone Soup version 0.29.1-15-g9cfb28693d (webtiles) character file.

Game seed: 8624953891719395646

1795 dudediamond6 the Thaumaturge (level 8, 0/62 HPs)
             Began as a Yellow Draconian Conjurer on Mar 1, 2023.
             Slain by an orc warrior
             ... wielding a +0 flail
              (17 damage)
             ... on level 6 of the Dungeon.
             The game lasted 00:07:55 (6113 turns).

dudediamond6 the Thaumaturge (DrCj)                 Turns: 6113, Time: 00:07:55

Health: 0/62       AC:  8    Str: 11    XL:     8   Next: 83%
Magic:  5/21       EV: 12    Int: 20    God:
Gold:   311        SH:  0    Dex:  9    Spells: 22/25 levels left

rFire   . . .      SeeInvis .   (no weapon)
rCold   . . .      Faith    .   (no shield)
rNeg    . . .      Spirit   .   (body armour unavailable)
rPois   .          Reflect  .   (helmet restricted)
rElec   .          Harm     .   m - +0 cloak
rCorr   +          Rampage  .   r - +0 pair of gloves
Will    .....                   (no boots)
Stlth   ++........              (no amulet)
HPRegen 0.20/turn               (no ring)
MPRegen 0.17/turn               (no ring)

@: no status effects
A: spit acid, AC +6, unfitting armour, cold-blooded, acid resistance
a: Breathe Acid


You were on level 6 of the Dungeon.
You visited 2 branches of the dungeon, and saw 7 of its levels.

You collected 311 gold pieces.

Inventory:

Armour
 m - a +0 cloak (worn)
 r - a +0 pair of gloves (worn)
Wands
 n - a wand of mindburst (15)
Scrolls
 e - 3 scrolls of poison
 g - a scroll of summoning
 h - 2 scrolls of fear {unknown}
 i - 2 scrolls of blinking {unknown}
 o - a scroll of brand weapon {unknown}
 p - a scroll of noise {unknown}
 t - a scroll of vulnerability {unknown}
 v - a scroll of amnesia {unknown}
 w - a scroll of identify
Potions
 a - a potion of magic
 b - 7 potions of brilliance
 c - a potion of invisibility
 d - 4 potions of degeneration {unknown}
 f - 2 potions of flight {unknown}
 j - 4 potions of curing
 k - 2 potions of lignification {unknown}
 l - 2 potions of attraction {unknown}
 q - a potion of experience {unknown}
 s - 2 potions of ambrosia {unknown}
 u - a potion of cancellation {unknown}


   Skills:
 + Level 2.7 Fighting
 - Level 1.7 Dodging
 - Level 1.7 Stealth
 + Level 9.0 Spellcasting
 + Level 6.2 Conjurations
 + Level 2.8 Evocations


You had 22 spell levels left.
You knew the following spells:

 Your Spells              Type           Power      Damage    Failure   Level
a - Magic Dart            Conj           100%       1d8       1%          1
b - Searing Ray           Conj           68%        2d6       1%          2

Your spell library contained the following spells:

 Spells                   Type           Power      Damage    Failure   Level
 Dazzling Flash           Conj/Hex       42%        N/A       6%          3
 Mephitic Cloud           Conj/Pois/Air  17%        N/A       10%         3
 Call Imp                 Summ           9%         N/A       12%         2
 Fulminant Prism          Conj/Hex       10%        3d9       22%         4
 Iskenderun's Mystic Bla  Conj/Tloc      21%        2d6       22%         4
 Malign Gateway           Summ/Tloc      4%         N/A       100%        7
 Monstrous Menagerie      Summ           4%         N/A       100%        7


Dungeon Overview and Level Annotations

Branches:
Dungeon (6/15)             Temple (1/1) D:5

Altars:
Ashenzari
Cheibriados
Dithmenos
Elyvilon
Fedhas
Gozag
Hepliaklqana
Makhleb
Nemelex Xobeh
Okawaru
Ru
Sif Muna
Trog
Uskayaw
Vehumet
Wu Jian
Xom
Yredelemnul
Zin
The Shining One

Shops:
D:5 !


Innate Abilities, Weirdness & Mutations

You can spit globs of acid.
Your golden yellow scales are hard. (AC +6)
You cannot fit into any form of body armour.
You are cold-blooded and may be slowed by cold attacks.
You are resistant to acid. (rCorr)


Message History

The searing ray hits the orc priest.
The orc priest is heavily wounded.
The orc warrior closely misses you.
The orc priest calls down the wrath of Beogh upon you.
Pain shoots through your body!
The searing ray misses the orc priest.
You finish channelling your searing ray.
The orc warrior completely misses you.
The orc priest hits you with a +0 war axe of flaming.
The orc priest burns you.
The orc warrior hits you with a +0 flail!
The orc priest barely misses you.
Casting: Searing Ray (safe; 1% risk of failure)
Confirm with . or Enter, or press ? or * to list all spells.
Aiming: Searing Ray (safe; 1% risk of failure)
Press: ? - help, Shift-Dir - straight line The searing ray hits the orc priest.
The orc priest is severely wounded. (Press . to maintain the ray.)
The orc warrior closely misses you.
The orc priest calls upon Beogh to heal the orc warrior.
The orc warrior's wounds heal themselves!
The searing ray hits the orc priest.
You kill the orc priest!
The orc warrior hits you with a +0 flail.
Your Spellcasting skill increases to level 9!
The orc warrior barely misses you.
You finish channelling your searing ray.
The orc warrior hits you with a +0 flail!
* * * LOW HITPOINT WARNING * * *
Casting: Searing Ray (safe; 1% risk of failure)
Confirm with . or Enter, or press ? or * to list all spells.
Aiming: Searing Ray (safe; 1% risk of failure)
Press: ? - help, Shift-Dir - straight line, f - orc warrior
Aim: an orc warrior, wielding a +0 flail and wearing a +0 chain mail (78% to hit)
The searing ray hits the orc warrior!
The orc warrior is moderately wounded. (Press . to maintain the ray.)
The orc warrior hits you with a +0 flail!
You die...

#..#########.#....
#####....###.##...
#......#...#...
#......'...'...
##########.##..##..#...
#..........#########...
#..........#.......#...
#.......#..'.......#...
#.....@o#####..#####...
######)## ###..######'#
#). #......#....# #...
#......#....#
#....#......#....#
#....#......###'##
#....#......#.....
#....#....<.#.....
#......#>....


You could see an orc warrior.

Vanquished Creatures
  Grinder (D:4)
  Prince Ribbit (D:5)
  Eustachio (D:4)
  2 black bears (D:4)
  An orc warrior (D:6)
  An ice beast (D:6)
  An ogre (D:5)
  A phantom (D:6)
  A necrophage (D:4)
  A bullfrog (D:6)
  A scorpion (D:3)
  A jelly (D:4)
  2 orc priests
  A hound (D:5)
  5 iguanas
  Natasha (thrice) (D:4)
  5 orc wizards
  5 adders
  2 dart slugs (D:4)
  11 orcs
  4 ball pythons
  5 endoplasms
  A giant cockroach (D:2)
  11 goblins
  2 hobgoblins
  2 jackals (D:5)
  5 kobolds
  3 quokkas
  4 bats
  A frilled lizard (D:3)
  5 rats
90 creatures vanquished.

Vanquished Creatures (others)
  14 fungi (D:4)
14 creatures vanquished.

Grand Total: 104 creatures vanquished

Notes
Turn   | Place    | Note
-------+----------+-------------------------------------------
     0 | D:1      | dudediamond6 the Draconian Conjurer began the quest for the
                  | Orb.
     0 | D:1      | Reached XP level 1. HP: 14/14 MP: 3/3
   278 | D:1      | Found a faded altar of an unknown god.
   660 | D:1      | Reached XP level 2. HP: 20/20 MP: 1/5
  1245 | D:2      | Found an ornate altar of the Wu Jian Council.
  1283 | D:2      | Identified the +4 spear of Lust {flame, Int+3}
  1661 | D:2      | Reached skill level 3 in Spellcasting
  2145 | D:3      | Reached XP level 3. HP: 26/26 MP: 1/7
  2367 | D:3      | Noticed a scorpion
  2377 | D:3      | Killed a scorpion
  2378 | D:3      | Reached skill level 4 in Spellcasting
  2378 | D:3      | Reached XP level 4. HP: 32/33 MP: 2/10
  2381 | D:3      | Learned a level 2 spell: Searing Ray
  2599 | D:3      | Got the Encyclopedia of Quantum Accompaniment
  2717 | D:4      | Reached XP level 5. HP: 38/38 MP: 7/12
  2787 | D:4      | Noticed a black bear
  2805 | D:4      | Killed a black bear
  2806 | D:4      | Reached skill level 5 in Spellcasting
  2806 | D:4      | Reached skill level 1 in Evocations
  3101 | D:4      | Noticed Grinder
  3120 | D:4      | Killed Grinder
  3121 | D:4      | Reached skill level 1 in Fighting
  3121 | D:4      | Reached skill level 6 in Spellcasting
  3121 | D:4      | Reached XP level 6. HP: 47/47 MP: 11/15
  3161 | D:4      | Noticed Eustachio
  3164 | D:4      | Killed Eustachio
  3165 | D:4      | Your scales start taking on a golden yellow colour.
  3165 | D:4      | Reached XP level 7. HP: 52/52 MP: 13/17
  3165 | D:4      | Gained mutation: You are resistant to acid. (rCorr) [Yellow
                  | Draconian growth]
  3326 | D:4      | Reached skill level 7 in Spellcasting
  3428 | D:4      | Found a hide-covered altar of Uskayaw.
  3432 | D:4      | Found a glowing golden altar of the Shining One.
  3689 | D:4      | Noticed Natasha
  3695 | D:4      | Killed Natasha
  3893 | D:4      | Noticed Natasha
  3897 | D:4      | Killed Natasha
  4300 | D:4      | Noticed Natasha
  4308 | D:4      | Killed Natasha
  4519 | D:5      | Entered Level 5 of the Dungeon
  4622 | D:5      | Reached XP level 8. HP: 61/61 MP: 14/19
  4654 | D:5      | Noticed Prince Ribbit
  4664 | D:5      | Killed Prince Ribbit
  4665 | D:5      | Reached skill level 8 in Spellcasting
  4665 | D:5      | Reached skill level 5 in Conjurations
  4751 | D:5      | Found a staircase to the Ecumenical Temple.
  4882 | Temple   | Entered the Ecumenical Temple
  5111 | D:5      | Found Hioqur's Distillery.
  5362 | D:6      | Found a sparkling altar of Nemelex Xobeh.
  6111 | D:6      | Reached skill level 9 in Spellcasting
  6113 | D:6      | Slain by an orc warrior

Illustrated notes

Levels and vault maps discovered:
D:1:      nzn_arrival_depleted_hourglass, layout_loops_corners,
          ebering_ecumenical_altar_abandoned
D:2:      layout_basic, basic_altar, eino_curves_03
D:3:      layout_rooms, minmay_misc_feat_enclosed
D:4:      layout_gridville, mainiacjoe_overflow_catch_the_wave,
          minmay_misc_feat_iff, uniq_eustachio, uniq_natasha, uniq_grinder
D:5:      layout_basic, minmay_temple_entry_glass, serial_shops,
          nicolae_diamond_shop, minmay_ogre_servants, uniq_prince_ribbit1
D:6:      layout_gridville, mainiacjoe_overflow_cross_hatched, abandoned_shop,
          chequers_serial_rivers_small_a
Temple:   bh_familiar_temple

Skill      XL: |  1  2  3  4  5  6  7  8 |
---------------+-------------------------+-----
Spellcasting   | 3 4 6 7 9 |  9.0
Evocations     | 1 2 |  2.8
Fighting       | 1 2 |  2.7
Conjurations   | 6 |  6.2
Dodging        | |  1.7
Stealth        | |  1.7

Action                   |  1- 3 |  4- 6 |  7- 9 || total
-------------------------+-------+-------+-------++-------
Melee: Unarmed           |    14 |     2 |       ||    16
       Tailslap          |     3 |       |       ||     3
 Cast: Magic Dart        |    51 |    27 |   108 ||   186
       Searing Ray       |       |     3 |    21 ||    24
Evoke: Wand              |     3 |     7 |       ||    10
  Use: Scroll            |       |       |     4 ||     4
Armor: Skin              |     8 |     9 |     8 ||    25
Dodge: Dodged            |    14 |    16 |    24 ||    54
